 Dungeon Crawl Stone Soup version 0.20.0-10-g0535bb4 (webtiles) character file.

1388 Azzok the Basher (level 8, 0/46 HPs)
             Began as a Gargoyle Fighter on June 7, 2017.
             Was a Follower of Okawaru.
             Slain by Dowan
             ... wielding a +0 dagger
              (1 damage)
             ... on level 6 of the Dungeon.
             The game lasted 00:12:39 (7842 turns).

Azzok the Basher (Gargoyle Fighter)                 Turns: 7842, Time: 00:12:39

Health: 0/46       AC: 16    Str: 22    XL:     8   Next: 68%
Magic:  7/7        EV:  4    Int:  9    God:    Okawaru [*.....]
Gold:   276        SH:  9    Dex:  9    Spells: 7/7 levels left

rFire    + + .     SeeInvis .   a - +0 flail
rCold    + . .     Gourm    .   c - +0 shield
rNeg     + . .     Faith    .   h - +0 plate armour
rPois    ∞         Spirit   .   (no helmet)
rElec    +         Reflect  .   w - scarf {rC+ rF+}
rCorr    .         Harm     .   (no gloves)
MR       .....                  (no boots)
Stlth    ..........             (no amulet)
Regen    0.2/turn               C - ring of protection from fire
MPRegen  0.1/turn               (no ring)

@: no status effects
A: talons 1, low mp 1, negative energy resistance 1, electricity resistance,
unbreathing, petrification resistance, rot immunity, AC +5
a: Heroism, Renounce Religion


You were on level 6 of the Dungeon.
You worshipped Okawaru.
Okawaru was aware of your devotion.
You were hungry.

You visited 2 branches of the dungeon, and saw 7 of its levels.
You also visited: Ossuary.

You collected 276 gold pieces.

Inventory:

Hand Weapons
 a - a +0 flail (weapon)
Armour
 c - a +0 shield (worn)
 h - a +0 plate armour (worn)
 w - a scarf of resistance (worn)
Jewellery
 C - a ring of protection from fire (left hand)
Scrolls
 e - a scroll of identify
 j - 3 scrolls of enchant armour
 k - 4 scrolls of amnesia
 n - a scroll of enchant weapon
 q - a scroll of fog
 s - 5 scrolls of remove curse
 v - 3 scrolls of recharging
 x - a scroll of teleportation
 y - a scroll of blinking {unknown}
 B - a scroll of fear {unknown}
 F - a scroll of immolation {unknown}
Potions
 b - a potion of mutation {unknown}
 d - a potion of ambrosia {unknown}
 g - 4 potions of curing
 i - a potion of haste {unknown}
 l - 3 potions of heal wounds {unknown}
 m - 3 potions of invisibility {unknown}
 o - 2 potions of brilliance {unknown}
 p - 2 potions of magic {unknown}
 r - 3 potions of berserk rage {unknown}
 t - 2 potions of degeneration {unknown}
 z - 2 potions of flight {unknown}
 A - a potion of lignification {unknown}
 D - a potion of might
Books
 u - a book of Changes

   Spells                             Type                      Level
   a - Beastly Appendage              Transmutation                1
   b - Sticks to Snakes               Transmutation                2
   c - Spider Form                    Transmutation/Poison         3
   d - Ice Form                       Ice/Transmutation            4
   e - Blade Hands                    Transmutation                5
Comestibles
 f - 6 bread rations


   Skills:
 - Level 3.2 Fighting
 * Level 10.5 Maces & Flails
 - Level 3.2 Armour
 - Level 3.2 Shields


You had 7 spell levels left.
You didn't know any spells.

Dungeon Overview and Level Annotations

Branches:
Dungeon (6/15)             Temple (1/1) D:5

Altars:
Ashenzari
Cheibriados
Dithmenos
Fedhas
Kikubaaqudgha
Makhleb
Okawaru
Qazlal
Ru
Sif Muna
Uskayaw
Vehumet
Xom
Zin
The Shining One

Annotations:
D:6 Dowan


Innate Abilities, Weirdness & Mutations

You are resistant to torment.
Your stone body is resilient. (AC +5)
You are immune to poison.
You resist negative energy. (rN+)
You are resistant to electric shocks. (rElec)
You can survive without breathing.
You are immune to petrification.
You are immune to rotting.
You have sharp toenails.
Your magical capacity is low. (-10% MP)


Message History

Your kick misses Dowan.
Dowan is almost dead.
You block Dowan's attack.
You barely miss Dowan. Your kick misses Dowan.
Dowan is almost dead.
Dowan hits you but does no damage. x2
Your shield and plate armour prevent you from hitting Dowan.
Your kick misses Dowan.
Dowan is almost dead.
Dowan hits you but does no damage.
You closely miss Dowan.
Dowan is almost dead.
Dowan mumbles some strange words.
Dowan blinks!
Dowan points at you and mumbles some strange words.
The shard of ice hits you! You partially resist.
* * * LOW HITPOINT WARNING * * *
Dowan breathes, "And she was my only..."
Dowan hits you with a dagger.
You die...

▒▒··▒▒▒(▒▒▒▒▒▒▒▒▒···▒▒▒▒·▒ ▒▒··▒▒
▒·▒▒········▒▒▒▒▒▒·▒▒░░░░ ▒▒··▒▒
▒··········▒▒░·······◦◦◦░ )··▒▒
▒▒··········▒░·······◦◦◦░
▒▒▒▒▒▒▒▒▒▒··········▒▒·······◦◦◦░
·····················÷·······◦◦◦░
··▒▒▒▒▒▒▒▒··········▒▒▒▒▒▒▒▒▒░░░░
···▒ ▒··········▒ ···▒
▒·····e@··▒▒ ░░░░░ ···▒
▒········§·▒ ░░◦◦◦░ ··▒▒
▒··········▒ ░░◦◦◦◦◦ ·▒▒
▒··········▒ ░░◦◦◦◦◦◦ ▒▒
▒··········▒ ░◦◦◦·_··
▒··········▒ ░░◦◦◦··%·
▒▒········▒▒▒▒ ░◦◦◦◦·%··
▒▒········)·▒ ░◦░◦◦····
▒▒▒▒▒▒▒▒▒▒·▒ ░░░░░···♣


You could see Dowan.

Vanquished Creatures
  A steam dragon (D:6)
  Menkaure (Ossuary)
  Duvessa (D:6)
  A black bear (D:6)
  An ice beast (D:4)
  A sky beast (D:6)
  The ghost of stickyfingers the Cutter, an amateur HaAE (D:3)
  2 crimson imps (D:6)
  A hound (D:4)
  A bullfrog zombie (D:5)
  A centaur skeleton (D:4)
  2 orc priests
  5 orc wizards
  A bullfrog skeleton (D:5)
  3 iguanas
  A worker ant (D:4)
  3 mummies (Ossuary)
  4 adders
  A shadow imp (D:6)
  2 oozes
  5 worms
  3 dart slugs
  3 leopard geckos
  24 orcs
  5 bats
  5 giant cockroaches
  10 goblins
  5 hobgoblins
  7 jackals (D:3)
  9 kobolds
  A quokka (D:2)
  5 frilled lizards
  3 gnoll zombies (Ossuary)
  4 goblin skeletons (Ossuary)
  3 goblin zombies (Ossuary)
  2 hobgoblin skeletons (Ossuary)
  3 hobgoblin zombies (Ossuary)
  2 jackal skeletons
  2 kobold skeletons (Ossuary)
  An orc skeleton (Ossuary)
  6 orc zombies (Ossuary)
  A quokka skeleton (D:5)
  8 rats
  3 rat skeletons (Ossuary)
  3 rat zombies (Ossuary)
157 creatures vanquished.

Vanquished Creatures (others)
  A gnoll skeleton (Ossuary)
  A goblin skeleton (Ossuary)
  A goblin zombie (Ossuary)
  3 hobgoblin skeletons (Ossuary)
  A hobgoblin zombie (Ossuary)
  3 kobold skeletons (Ossuary)
  2 kobold zombies (Ossuary)
  An orc skeleton (Ossuary)
  An orc zombie (Ossuary)
  4 rat skeletons (Ossuary)
  2 rat zombies (Ossuary)
  10 fungi (D:6)
30 creatures vanquished.

Grand Total: 187 creatures vanquished

Notes
Turn   | Place    | Note
-------+----------+-------------------------------------------
     0 | D:1      | Azzok the Gargoyle Fighter began the quest for the Orb.
     0 | D:1      | Reached XP level 1. HP: 14/14 MP: 1/1
   394 | D:1      | Reached XP level 2. HP: 16/19 MP: 2/2
   655 | D:1      | Reached skill level 3 in Maces & Flails
   872 | D:1      | Reached XP level 3. HP: 23/23 MP: 3/3
  1665 | D:2      | Reached skill level 4 in Maces & Flails
  1820 | D:2      | Reached XP level 4. HP: 28/28 MP: 4/4
  2163 | D:2      | Found a glowing silver altar of Zin.
  2479 | D:3      | Noticed stickyfingers's ghost (amateur HaAE)
  2556 | D:3      | Killed stickyfingers's ghost
  2556 | D:3      | Reached skill level 5 in Maces & Flails
  2556 | D:3      | Reached XP level 5. HP: 13/32 MP: 5/5
  3062 | D:3      | Reached skill level 6 in Maces & Flails
  3062 | D:3      | Reached XP level 6. HP: 10/37 MP: 6/6
  3974 | D:4      | Reached skill level 7 in Maces & Flails
  4210 | D:4      | Noticed an ice beast
  4228 | D:4      | Killed an ice beast
  4228 | D:4      | Reached XP level 7. HP: 10/41 MP: 7/7
  4953 | D:5      | Entered Level 5 of the Dungeon
  5070 | D:5      | Found a staircase to the Ecumenical Temple.
  5080 | Temple   | Entered the Ecumenical Temple
  5093 | Temple   | Became a worshipper of Warmaster Okawaru
  5131 | D:5      | Found a sand-covered staircase.
  5136 | Ossuary  | Entered an ossuary
  5457 | Ossuary  | Noticed Menkaure
  5465 | Ossuary  | Killed Menkaure
  5465 | Ossuary  | Reached skill level 8 in Maces & Flails
  6504 | D:5      | Found a shimmering altar of Xom.
  6893 | D:6      | Reached skill level 9 in Maces & Flails
  6893 | D:6      | Reached XP level 8. HP: 45/46 MP: 8/8
  7507 | D:6      | Reached * piety under Okawaru
  7742 | D:6      | Reached skill level 10 in Maces & Flails
  7758 | D:6      | Gained mutation: You have sharp toenails. [mutagenic meat]
  7759 | D:6      | Gained mutation: Your magical capacity is low. (-10% MP) [mutagenic meat]
  7783 | D:6      | Noticed Dowan
  7784 | D:6      | Noticed Duvessa
  7789 | D:6      | Found a blossoming altar of Fedhas.
  7816 | D:6      | Killed Duvessa
  7842 | D:6      | HP: 1/46 [Dowan/shard of ice (21)]
  7842 | D:6      | Slain by Dowan

Skill      XL: |  1  2  3  4  5  6  7  8 |
---------------+-------------------------+-----
Maces & Flails | 3 4 5 6 7 9 10 | 10.5
Fighting       | |  3.2
Armour         | |  3.2
Shields        | |  3.2

Action                   |  1- 3 |  4- 6 |  7- 9 || total
-------------------------+-------+-------+-------++-------
Melee: Flail             |   157 |   375 |   281 ||   813
       Kick              |       |       |     6 ||     6
  Use: Potion            |       |     1 |       ||     1
       Scroll            |       |       |     8 ||     8
  Eat: Chunk             |     3 |     9 |     9 ||    21
       Royal jelly       |       |       |     2 ||     2
Armor: Scale mail        |    45 |       |       ||    45
       Plate armour      |    31 |   254 |   151 ||   436
Dodge: Dodged            |    25 |    42 |    25 ||    92
Block: Shield            |    78 |   167 |    85 ||   330
